 Dungeon Crawl Stone Soup version 0.24-a0-580-g6a6c3f83c1 (webtiles) character file.

Game seed: 6564597356807929161

56 DavidChitty2 the Skirmisher (level 3, -2/24 HPs)
             Began as a Gargoyle Fighter on Aug 22, 2019.
             Killed by nerve-wracking pain
             ... invoked by an orc priest
              (4 damage)
             ... on level 2 of the Dungeon.
             The game lasted 00:01:19 (1320 turns).

DavidChitty2 the Skirmisher (Gargoyle Fighter)      Turns: 1320, Time: 00:01:20

Health: -2/24      AC: 10    Str: 15    XL:     3   Next: 97%
Magic:  3/3        EV:  6    Int:  8    God:
Gold:   0          SH:  8    Dex:  9    Spells: 2/2 levels left

rFire    . . .     SeeInvis .   a - +0 flail
rCold    . . .     Gourm    .   c - +0 shield
rNeg     + . .     Faith    .   b - +0 scale mail
rPois    ∞         Spirit   .   (no helmet)
rElec    +         Reflect  .   (no cloak)
rCorr    .         Harm     .   (no gloves)
MR       .....                  (no boots)
Stlth    ..........             (no amulet)
HPRegen  0.08/turn              i - -5 ring of strength (curse)
MPRegen  0.08/turn              (no ring)

@: no status effects
A: negative energy resistance 1, electricity resistance, unbreathing,
petrification resistance, rot immunity, AC +3
a: no special abilities


You were on level 2 of the Dungeon.
You were not hungry.

You visited 1 branch of the dungeon, and saw 2 of its levels.

Inventory:

Hand Weapons
 a - a +0 flail (weapon)
Armour
 b - a +0 scale mail (worn)
 c - a +0 shield (worn)
Jewellery
 i - a cursed -5 ring of strength (left hand)
   (You found it on level 1 of the Dungeon)
Potions
 d - 2 potions of might
 g - a potion of heal wounds {unknown}
 h - a potion of berserk rage {unknown}
Comestibles
 e - a ration {!d}
 f - 4 chunks of flesh


   Skills:
 + Level 3.8 Fighting
 * Level 3.0 Maces & Flails
 + Level 3.7 Armour
 + Level 3.7 Shields


You had 2 spell levels left.
You didn't know any spells.
Your spell library was empty.

Dungeon Overview and Level Annotations

Branches:
Dungeon (2/15)

Altars:


Innate Abilities, Weirdness & Mutations

You are resistant to torment.
Your stone body is resilient. (AC +3)
You are immune to poison.
You resist negative energy. (rN+)
You are resistant to electric shocks. (rElec)
You can survive without breathing.
You are immune to petrification.
You are immune to rotting.


Message History

The orc priest hits you but does no damage.
The orc hits you but does no damage. The rat bites you but does no damage.
You barely miss the orc priest.
The orc priest hits you but does no damage.
The orc hits you from afar with a +0 trident.
* * * LOW HITPOINT WARNING * * *
The rat barely misses you. You block the orc priest's attack.
You barely miss the orc priest. The orc hits you but does no damage.
You block the rat's attack.
The orc priest looks braver for a moment.
You hit the orc priest. The crimson imp spits at you.
The crimson imp closely misses you. The orc barely misses you.
You block the rat's attack.
The orc priest begins to cast a cantrip, but forgets the words!
The crimson imp hits you but does no damage.
Your shield and scale mail prevent you from hitting the orc priest.
The rat bites you but does no damage.
The orc hits you from afar with a +0 trident.
* * * LOW HITPOINT WARNING * * *
The orc priest hits you but does no damage.
The crimson imp barely misses you. The rat bites you.
* * * LOW HITPOINT WARNING * * *
The orc hits you from afar with a +0 trident.
* * * LOW HITPOINT WARNING * * *
You hit the orc priest.
The orc priest hits you but does no damage.
You block the crimson imp's attack. The rat barely misses you.
The orc hits you but does no damage.
The orc priest casts a cantrip, but nothing happens.
You hit the orc priest but do no damage.
The crimson imp hits you but does no damage.
The rat barely misses you. You block the orc's attack.
The orc priest looks encouraged for a moment.
The crimson imp barely misses you. The rat barely misses you.
You hit the orc priest. The orc priest barely misses you.
You block the orc's attack. You block the crimson imp's attack.
The rat completely misses you.
You barely miss the orc priest.
The orc priest hits you but does no damage.
You block the orc's attack.
The crimson imp blinks!
You block the rat's attack. You block the orc priest's attack.
You closely miss the orc priest. You block the orc's attack.
The rat bites you but does no damage.
The orc priest hits you but does no damage.
You block the orc's attack.
You barely miss the orc priest. The rat bites you but does no damage.
The orc priest invokes the aid of Beogh against you.
Pain shoots through your body!
You die...

##. #..# ......#..#
##........ #........#
#. #..#.##..###...
######## #........o..#
#......###.##5.or)...#
#............###@#
#..#.............#
#.......##.#.#####
.....#.)##.#.#
#.....<..#.#.#
.....###.#.#.# .....
.#.#.# .... ...#..
.... .###..


You could see an orc priest, a crimson imp, an orc and a rat.

Vanquished Creatures
  2 adders
  2 dart slugs (D:1)
  An orc (D:2)
  A giant cockroach (D:2)
  3 goblins (D:1)
  6 hobgoblins (D:1)
  6 kobolds
  A ball python (D:1)
  2 bats (D:1)
  A frilled lizard (D:1)
  8 rats (D:1)
33 creatures vanquished.

Notes
Turn   | Place    | Note
-------+----------+-------------------------------------------
     0 | D:1      | DavidChitty2 the Gargoyle Fighter began the quest for the
                  | Orb.
     0 | D:1      | Reached XP level 1. HP: 14/14 MP: 1/1
   107 | D:1      | Reached XP level 2. HP: 19/19 MP: 2/2
   570 | D:1      | Reached XP level 3. HP: 20/23 MP: 3/3
  1320 | D:2      | Killed from afar by an orc priest

Levels and vault maps discovered:
D:1:      arrival_zaba_pyramid, layout_basic, serial_park_tiny_pond
D:2:      layout_loops_cross, uniq_robin

Skill      XL: |  1  2  3 |
---------------+----------+-----
Maces & Flails | 3 |  3.0
Fighting       | |  3.8
Armour         | |  3.7
Shields        | |  3.7

Action                   || total
-------------------------++-------
Melee: Flail             ||   170
  Eat: Chunk             ||     2
Armor: Scale mail        ||   144
Dodge: Dodged            ||    81
Block: Shield            ||   118

Table legend:
 A = Non-vault XP
 B = Vault XP
 C = Vault XP percentage of total XP
 D = Non-vault monster count
 E = Vault monster count
 F = Vault count percentage of total count
                 A         B        C        D         E       F
            +---------+---------+-------+---------+---------+-------
      Total |      81 |       0 |   0.0 |      33 |       0 |   0.0
            +---------+---------+-------+---------+---------+-------
        D:1 |      61 |       0 |   0.0 |      29 |       0 |   0.0
        D:2 |      20 |       0 |   0.0 |       4 |       0 |   0.0
            +---------+---------+-------+---------+---------+-------
